Zazza, neutral female human Tourist --- --.----- |......--- |.......^- --.--....I. ----------------..... |................... |.<)..)............. -------...-------.. -....| . .....- .... Zazza the Rambler Experience level: 2 Strength: 12 Dexterity: 14 Constitution: 15 Intelligence: 17 Wisdom: 10 Charisma: 13 Health: 0(21) Energy: 4(4) Def: 1 Gold: 37 Moves: 2007 Dungeon seed: jLnBiJdOakFoGSNI Game ID: Zazza_1575653995 Your Inventory: Coins $ - 37 gold pieces Weapons a - 30 +2 darts (in quiver) s - 10 +0 darts E - 9 +0 darts K - a +0 dagger (weapon in hand) O - a cursed -1 orcish dagger Armor e - an uncursed +0 Hawaiian shirt (being worn) N - an uncursed +0 cloak of magic resistance (being worn) Scrolls P - an uncursed scroll of identify Potions i - a blessed potion of extra healing Rings z - an uncursed ring of conflict Wands I - a wand of teleportation (0:5) J - a wand of light (0:11) Tools l - an expensive camera (0:74) m - an uncursed credit card w - an uncursed bag of holding M - an uncursed magic lamp (lit) Gems n - an uncursed worthless piece of black glass Contents of the bag of holding: 894 gold pieces a cursed amulet of strangulation 2 uncursed eggs 7 uncursed food rations an uncursed scroll of enchant armor an uncursed scroll of gold detection an uncursed scroll of light 2 uncursed scrolls of magic mapping an uncursed scroll of teleportation an uncursed spellbook of extra healing an uncursed potion of extra healing a blessed potion of levitation an uncursed potion of object detection an uncursed potion of sleeping a wand of light (0:11) an uncursed worthless piece of orange glass Spells and supernatural/magical abilities: Name Level Category Fail Memory W - pray for help -- divine ? -- Your skills at the end: Fighting Skills Weapon Skills dart [Basic] Spellcasting Skills Final Attributes: You were stridently aligned. You were magic-protected. You are dead. Vanquished creatures: a shrieker a gnome lord a dwarf an acid blob a gas spore 3 hobbits a brown mold a yellow mold a red mold 5 gnomes a gnome zombie 2 geckos 6 jackals a fox a kobold a goblin 4 grid bugs a bat a kobold zombie 3 newts 37 creatures vanquished. Voluntary challenges: You used a wielded weapon 24 times, starting on turn 1310. You read items or engraved 6 times, starting on turn 6. You never genocided any monsters. You never polymorphed an object. You never changed form. You used no wishes. You never split a pudding. You wrote Elbereth's name 1 time, starting on turn 1996. You never violated your personal moral code. Dungeon overview: The Dungeons of Doom: levels 1 to 4 Level 1 a fountain a long staircase Level 2 some fountains Level 3 a general store, some fountains Level 4 a fountain stairs to The Gnomish Mines The Gnomish Mines: Level 5 <- You were here stairs to The Dungeons of Doom History has recorded: On T:1 you entered the Dungeons of Doom to retrieve the Amulet of Yendor! On T:141 you reached level 2 of The Dungeons of Doom. On T:447 you reached level 3 of The Dungeons of Doom. On T:1146 you reached level 4 of The Dungeons of Doom. On T:1570 you advanced to experience level 2. On T:1927 you reached level 1 of The Gnomish Mines. Score breakdown: Gold: 586 ( 9417 points) Experience: 2 levels ( 5570 points) Exploration: 5 levels ( 10.00%) ( 8571 points) Discoveries: 2 items ( 0.67%) ( 2457 points) Valuables value: (no points given unless you survive) Artifact value: 0 ( 0 points) Variety of kills: 20 monsters ( 5.25%) ( 6873 points) Turncount: 2007 turns ( -6 points) Survival: died (score multiplied by 80%) Total score: 26305 Latest messages: The missiles bounce off! The magic missile bounces! The magic missile hits you! The missiles bounce off! You hit the gnome king. The gnome king zaps a wand of magic missile! The magic missile hits you! The missiles bounce off! The magic missile bounces! The magic missile hits you! The missiles bounce off! You miss the gnome king. The gnome king hits! You hit the gnome king. (2x) The gnome king hits! You write in the dust with your fingers. The gnome king turns to flee! You hear some noises in the distance. You hear some noises. A cloud of gas puts you to sleep! It hits! (2x) You die... Final status: Aloha Zazza the Tourist, killed by a gnome king, while sleeping... You died in The Gnomish Mines on dungeon level 5 with 26305 points, and 931 pieces of gold, after 2007 moves. You were level 2 with a maximum of 21 hit points when you died.